 Dungeon Crawl Stone Soup version 0.26-a0-757-g626ac9e51a (webtiles) character file.

Game seed: 13091448448232008974

5 miscthings the Sneak (level 1, -1/20 HPs)
             Began as a Palentonga Delver on Nov 8, 2020.
             Slain by an orc
             ... wielding a +0 club
              (4 damage)
             ... on level 4 of the Dungeon.
             The game lasted 00:00:26 (93 turns).

miscthings the Sneak (Palentonga Delver)              Turns: 93, Time: 00:00:27

Health: -1/20      AC:  4    Str: 15    XL:     1   Next: 66%
Magic:  1/1        EV:  9    Int: 10    God:
Gold:   0          SH:  0    Dex: 11    Spells: 0/0 levels left

rFire    . . .     SeeInvis +   a - +0 hand axe
rCold    . . .     Faith    .   (no shield)
rNeg     . . .     Spirit   .   b - +0 leather armour
rPois    .         Reflect  .   (no helmet)
rElec    .         Harm     .   (no cloak)
rCorr    .         Rampage  .   (no gloves)
MR       .....                  (no barding)
Stlth    ++........             (no amulet)
HPRegen  0.06/turn              (no ring)
MPRegen  0.07/turn              (no ring)

@: no status effects
A: large, rugged brown scales 3, see invisible, deformed body, roll, armoured
tail
a: Rolling Charge


You were on level 4 of the Dungeon.
You visited 1 branch of the dungeon, and saw 2 of its levels.

Inventory:

Hand Weapons
 a - a +0 hand axe (weapon)
Armour
 b - a +0 leather armour (worn)
Wands
 g - a wand of digging (3)
Scrolls
 c - a scroll of fog
 d - a scroll of magic mapping
 e - a scroll of fear
Potions
 f - a potion of haste


   Skills:
 - Level 3.0 Fighting
 + Level 2.5 Axes
 - Level 1.5 Dodging
 - Level 3.3 Stealth


You couldn't memorise any spells.
You didn't know any spells.
Your spell library was empty.

Dungeon Overview and Level Annotations

Branches:
Dungeon (5/15)
 Temple: D:4-7

Altars:

Annotations:
D:5 Sigmund


Innate Abilities, Weirdness & Mutations

You are completely covered in rugged brown scales. (AC +3, +7% HP)
You have supernaturally acute eyesight. (SInv)
Armour fits poorly on your strangely shaped body.
You can roll at foes to attack.
You have a long armoured tail.


Message History

* * * LOW HITPOINT WARNING * * *
An orc comes into view. It is wielding a +0 dagger.
You slash the orc!
The orc is almost dead.
The orc hits you but does no damage.
An orc comes into view.
You barely miss the orc. The orc barely misses you.
You completely miss the orc. The orc barely misses you.
You closely miss the orc. The orc barely misses you.
You hit the orc.
The orc is lightly wounded.
The orc hits you but does no damage.
You hit the orc. You tail-slap the orc.
You kill the orc!
The orc barely misses you.
You closely miss the orc.
Your tail-slap misses the orc.
The orc is almost dead.
An orc comes into view.
The orc hits you with a +0 club.
You die...

# .# o.#
###.o.###
#oo......
#o#######
#o# #@#
#.# #.#
#.# #.#
#.. #..
#..


You could see 4 orcs.

Vanquished Creatures
  An adder skeleton (D:4)
  An orc (D:4)
2 creatures vanquished.

Notes
Turn   | Place    | Note
-------+----------+-------------------------------------------
     0 | D:5      | miscthings the Palentonga Delver began the quest for the
                  | Orb.
     0 | D:5      | Reached XP level 1. HP: 20/20 MP: 1/1
     7 | D:5      | Noticed an ogre
    70 | D:5      | Noticed Sigmund
    78 | D:5      | Noticed an ogre
    93 | D:4      | Slain by an orc

Illustrated notes

Levels and vault maps discovered:
D:4:      layout_basic, kennysheep_little_box, nicolae_overflow_hidden_temple,
          minmay_temple_entry_tees, nicolae_ru_awakened_eye, uniq_ijyb
D:5:      layout_basic, old_standard_altar, minmay_misc_feat_chi,
          nicolae_elemental_shop, chequers_big_river, sigmund_army,
          uniq_eustachio, uniq_menkaure

Action                   || total
-------------------------++-------
Melee: Hand axe          ||    11
       Tailslap          ||     2
 Abil: Rolling Charge    ||     1
Dodge: Dodged            ||     5

Table legend: (Time is in decaauts)
 A = Elapsed time spent in this place.
 B = Non-inter-level travel time spent in this place.
 C = Inter-level travel time spent in this place.
 D = Time resting spent in this place.
 E = Time spent auto-exploring this place.
 F = Levels seen in this place.
 G = Mean time per level.
                   A        B        C        D        E       F      G
               +--------+--------+--------+--------+--------+-----+--------+
         Total |     94 |     94 |      0 |      0 |     24 |   2 |   47.0 |
       Dungeon |     94 |     94 |      0 |      0 |     24 |   2 |   47.0 |
               +--------+--------+--------+--------+--------+-----+--------+

Top non-repeatable levels by time:
     D:5: 81 daAuts
     D:4: 13 daAuts
